AoeStats
← _vishi_

Lombardia

510054804Analyzed
4v4 RM · 1d ago on Sep 29, 2026· 59m 54s· 8 players
Game mode
Random Map
Map size
Large (8 player)
Population
200
Speed
Normal
Resources
Standard
Victory
Conquest
Starting age
Dark Age
Ending age
Imperial Age
RankedLock teamsTeams togetherTeam positionsShared explorationLock speedFull tech treeHidden civsTurbo modeCheats
Victory
Defeat
🇦🇺 Burgundians · Australia
1465
+15
🇭🇰 Georgians · Hong Kong SAR China
1351
+19
🇨🇳 Varangians · China
1337
+20
🇭🇰 Magyars · Hong Kong SAR China
1456
-19
🇹🇼 Mongols · Taiwan
1445
-19
🇹🇷 Danes · Türkiye
1416
-18
🇮🇳 Persians · India
1395
-17
b09581270
8:53 Feudal Age
9:51 Double-Bit Axe
9:56 Horse Collar
19:35 Castle Age
17:53 Gold Mining
18:51 Wheelbarrow
18:01 Loom
20:40 Bow Saw
21:09 Gold Shaft Mining
20:24 Stone Mining
20:38 Heavy Plow
22:14 Fervor
24:29 Fletching
26:30 Bodkin Arrow
33:33 Imperial Age
31:54 Hand Cart
31:52 Padded Archer Armor
32:11 Town Watch
33:50 Leather Archer Armor
34:04 Ballistics
33:40 Heavy Cavalry Archer
34:32 Bracer
35:41 Parthian Tactics
38:26 Chemistry
38:37 Scale Barding Armor
38:43 Forging
38:21 Light Cavalry
39:11 Bloodlines
39:16 Hussar
41:07 Chain Barding Armor
41:23 Iron Casting
41:10 Husbandry
44:26 Iron Casting
Freegan
6:13 Loom
10:36 Feudal Age
11:13 Double-Bit Axe
11:51 Horse Collar
21:12 Castle Age
19:55 Gold Mining
21:29 Wheelbarrow
21:18 Fletching
23:31 Bodkin Arrow
32:00 Padded Archer Armor
36:40 Bloodlines
36:30 Husbandry
37:36 Thumb Ring
37:43 Light Cavalry
39:24 Bow Saw
39:16 Heavy Plow
41:23 Elite Skirmisher
_vishi_
7:33 Loom
9:54 Feudal Age
11:32 Double-Bit Axe
13:53 Wheelbarrow
19:02 Castle Age
17:15 Horse Collar
19:59 Bow Saw
19:13 Light Cavalry
24:04 Bloodlines
26:00 Husbandry
32:02 Imperial Age
29:51 Scale Barding Armor
30:14 Hand Cart
29:57 Gold Mining
30:45 Forging
31:17 Chain Barding Armor
32:02 Iron Casting
31:43 Cavalier
32:32 Heavy Plow
33:42 Plate Barding Armor
33:50 Savar
35:23 Ballistics
36:50 Blast Furnace
35:40 Fletching
37:39 Padded Archer Armor
38:05 Crossbowman
39:46 Thumb Ring
39:57 Bodkin Arrow
40:17 Caravan
41:01 Leather Archer Armor
41:55 Two-Man Saw
45:05 Chemistry
MinorCloud9519
8:13 Loom
10:35 Feudal Age
15:10 Castle Age
13:25 Gold Mining
13:24 Double-Bit Axe
13:29 Horse Collar
19:58 Heavy Plow
21:07 Bow Saw
23:39 Wheelbarrow
23:50 Stone Mining
25:15 Gold Shaft Mining
24:59 Town Watch
31:04 Imperial Age
28:50 Hand Cart
28:55 Scale Mail Armor
29:05 Forging
29:27 Masonry
29:09 Fletching
30:27 Chain Mail Armor
31:26 Squires
31:11 Gambesons
31:13 Arson
32:53 Chemistry
32:15 Conscription
32:36 Plate Mail Armor
31:36 Pikeman
33:03 Iron Casting
32:25 Halberdier
33:31 Bodkin Arrow
33:51 Hamask
34:41 Siege Engineers
34:12 Onager
36:20 Blast Furnace
36:32 Elite Varangian Guard
41:46 Murder Holes
42:11 Ballistics
41:58 Bracer
43:56 Capped Ram
休眠玩家 精锐条顿骑士 一步杀十人
7:18 Loom
9:58 Feudal Age
17:47 Castle Age
15:33 Double-Bit Axe
15:31 Horse Collar
16:18 Stone Mining
17:52 Gold Mining
20:06 Bow Saw
21:52 Heavy Plow
22:40 Wheelbarrow
22:18 Town Watch
23:56 Hand Cart
25:56 Stone Shaft Mining
28:26 Ballistics
29:11 Padded Archer Armor
29:34 Fortified Wall
30:48 Fletching
34:07 Imperial Age
31:50 Bodkin Arrow
32:55 Leather Archer Armor
33:46 Scale Mail Armor
33:57 Forging
33:54 Thumb Ring
33:10 Elite Skirmisher
34:11 Elite Rattan Archer
36:00 Chemistry
35:26 Bracer
36:42 Ring Archer Armor
40:21 Chain Mail Armor
40:41 Iron Casting
42:08 Plate Mail Armor
42:12 Coinage
41:43 Caravan
43:01 Paper Money
46:18 Hoardings
45:44 Chatras
47:17 Scale Barding Armor
46:42 Imperial Skirmisher
46:43 Crossbowman
46:43 Heavy Cavalry Archer
59:50 Spies/Treason
LiBi
6:08 Loom
8:46 Feudal Age
9:25 Double-Bit Axe
12:08 Horse Collar
17:27 Castle Age
15:35 Gold Mining
17:29 Fletching
18:42 Bow Saw
20:33 Bodkin Arrow
22:21 Wheelbarrow
22:31 Husbandry
24:11 Bloodlines
26:53 Padded Archer Armor
27:00 Stone Mining
27:54 Hand Cart
32:35 Imperial Age
30:49 Ballistics
30:13 Treadmill Crane
32:17 Leather Archer Armor
32:09 Scale Barding Armor
32:27 Svan Towers
32:37 Forging
34:03 Chain Barding Armor
33:16 Elite Monaspa
35:02 Conscription
35:27 Plate Barding Armor
36:24 Forging
38:02 Iron Casting
40:58 Blast Furnace
40:36 Guard Tower
41:46 Chemistry
40:31 Arrowslits
41:09 Bracer
41:37 Caravan
44:48 Keep
46:55 Hoardings
46:36 Masonry
51:00 Guilds
55:20 Coinage
57:00 Aznauri Cavalry
58:24 Spies/Treason
icu monster
11:39 Feudal Age
12:27 Loom
15:47 Castle Age
14:03 Horse Collar
14:31 Double-Bit Axe
14:39 Gold Mining
17:06 Wheelbarrow
18:57 Heavy Plow
19:12 Bow Saw
22:10 Scale Barding Armor
23:42 Town Watch
25:58 Bloodlines
25:49 Husbandry
27:17 Forging
28:45 Hand Cart
28:14 Treadmill Crane
29:21 Chain Barding Armor
31:02 Iron Casting
34:24 Imperial Age
34:41 Imperial Age
36:51 Conscription
36:48 Elite Jarl
38:59 Plate Barding Armor
39:25 Blast Furnace
38:44 Capped Ram
40:21 Siege Ram
41:10 Siege Engineers
41:45 Stone Mining
58:55 Spies/Treason
gifted
10:38 Feudal Age
8:55 Loom
9:07 Double-Bit Axe
11:49 Bow Saw
12:51 Horse Collar
17:27 Castle Age
20:40 Two-Man Saw
20:19 Wheelbarrow
28:09 Gold Mining
29:36 Hand Cart
30:27 Gold Shaft Mining
29:43 Stone Mining
33:11 Imperial Age
31:00 Forging
30:55 Scale Barding Armor
30:55 Cavalier
31:36 Husbandry
32:41 Stone Shaft Mining
34:33 Iron Casting
34:20 Chain Barding Armor
33:28 Paladin
37:11 Plate Barding Armor
36:54 Fortified Wall
39:33 Chemistry
38:42 Town Watch
38:49 Capped Ram
40:22 Caravan
43:16 Light Cavalry
46:38 Blast Furnace
45:30 Fletching
45:40 Padded Archer Armor
47:37 Conscription
47:26 Burgundian Vineyards
47:52 Leather Archer Armor
47:34 Bodkin Arrow
56:25 Onager
59:25 Spies/Treason
Connection lost

Rejoining the realm…

Still unreachable

The connection could not be restored.

Session expired

The server has moved on; the page needs a fresh start.